 Dungeon Crawl Stone Soup version 0.19-a0-1714-gcab94ab (webtiles) character file.

133359 holy777 the Tortoise (level 17, -3/136 HPs)
             Began as a Formicid Fighter on Sept 25, 2016.
             Was the Champion of Okawaru.
             Killed by divine providence
             ... invoked by a meliai
              (19 damage)
             ... on level 2 of the Spider Nest on Sept 28, 2016.
             The game lasted 03:29:35 (29182 turns).

holy777 the Tortoise (Formicid Fighter)            Turns: 29182, Time: 03:29:35

Health: -3/136     AC: 27    Str: 27    XL:     17   Next: 72%
Magic:  18/19      EV:  9    Int:  9    God:    Okawaru [******]
Gold:   980        SH: 25    Dex: 10    Spells: 4 memorised, 4 levels left

rFire  + + +     SeeInvis +     D - +8 broad axe "Jiurro" {chop, -Tele rN+ Str+5}
rCold  + + +     Gourm    .     T - +2 chain mail of Yxiod {*Corrode Slay+5}
rNeg   + . .     Faith    .     O - +1 large shield
rPois  +         Spirit   .     (helmet unavailable)
rElec  +         Dismiss  .     o - +2 cloak {rPois}
rCorr  +         Reflect  .     r - +2 pair of gloves
MR     +....     Harm     +     a - +0 pair of boots "Muoniogo" {rF++ rC++ Str-3}
Stlth  ..........               l - amulet of harm
                                S - +2 ring of protection
                                b - ring "Toosymonn" {Wiz Slay+2}

@: resistant, very slightly contaminated
A: permanent stasis, dig shafts and tunnels, four strong arms, antennae 3,
hooves 1, large bone plates 1, weak 1, MP-powered wands
a: Dig, Shaft Self, Heroism, Finesse, Renounce Religion


You were on level 2 of the Spider Nest.
You worshipped Okawaru.
Okawaru was exalted by your worship.
You were not hungry.

You visited 6 branches of the dungeon, and saw 27 of its levels.
You also visited: Bailey.

You collected 2402 gold pieces.
You spent 1422 gold pieces at shops.

Inventory:

Hand Weapons
 D - the +8 broad axe "Jiurro" (weapon) {chop, -Tele rN+ Str+5}
   (Okawaru gifted it to you on level 5 of the Lair of Beasts)

   It inflicts extra damage upon your enemies.
   It affects your strength (+5).
   It protects you from negative energy.
   It prevents most forms of teleportation.
 Z - the +7 rapier "X" {pierce, rPois Str+2}
   (You bought it in a shop on level 9 of the Dungeon)

   It inflicts extra damage upon your enemies.
   It affects your strength (+2).
   It protects you from poison.
Missiles
 A - a tomahawk of returning (quivered)
 P - 2 poisoned tomahawks
 V - 33 tomahawks
Armour
 a - the +0 pair of boots "Muoniogo" (worn) {rF++ rC++ Str-3}
   (Okawaru gifted it to you on level 1 of the Swamp)

   It affects your strength (-3).
   It greatly protects you from fire.
   It greatly protects you from cold.
 o - a +2 cloak of poison resistance (worn)
 r - a +2 pair of gloves (worn)
 F - the +2 cloak of Precision Catastrophes {+Inv rF+ Int+4}
   (Okawaru gifted it to you on level 14 of the Dungeon)

   It affects your intelligence (+4).
   It protects you from fire.
   It lets you turn invisible.
 O - a +1 large shield (worn)
 T - the +2 chain mail of Yxiod (worn) {*Corrode Slay+5}
   (You found it on level 15 of the Dungeon)

   It affects your accuracy and damage with ranged weapons and melee attacks
   (+5).
   It may corrode you when you take damage.
Jewellery
 b - the ring "Toosymonn" (left hand) {Wiz Slay+2}
   (You acquired it on level 4 of the Lair of Beasts)

   [ring of wizardry]

   It improves your spell success rate.
   It affects your accuracy and damage with ranged weapons and melee attacks
   (+2).
 l - an amulet of harm (around neck)
 S - a +2 ring of protection (right hand)
Wands
 m - a wand of heal wounds (0/9)
 s - a wand of slowing (31/48)
 z - a wand of paralysis (5/24)
 E - a wand of flame (10/48)
 G - a wand of paralysis (12/24)
 K - a wand of heal wounds (0/9)
 Q - a wand of paralysis (14/24)
Scrolls
 c - 4 scrolls of identify
 e - 14 scrolls of remove curse
 t - 3 scrolls of fog
 B - 5 scrolls of magic mapping
 C - 2 scrolls of enchant weapon
 W - 5 scrolls of amnesia
 X - 2 scrolls of brand weapon
Potions
 d - a potion of might
 j - 3 potions of agility
 q - 2 potions of flight
 v - a potion of cancellation
 L - a potion of ambrosia
 Y - 3 potions of resistance
Books
 i - a book of Air

   Spells                             Type                      Level
   a - Shock                          Conjuration/Air              1
   b - Swiftness                      Charms/Air                   2
   c - Repel Missiles                 Charms/Air                   2
   d - Static Discharge               Conjuration/Air              3
   e - Lightning Bolt                 Conjuration/Air              5
 k - a book of Callings

   Spells                             Type                      Level
   a - Summon Small Mammal            Summoning                    1
   b - Call Imp                       Summoning                    2
   c - Call Canine Familiar           Summoning                    3
   d - Summon Guardian Golem          Hexes/Summoning              3
   e - Summon Lightning Spire         Summoning/Air                4
   f - Summon Ice Beast               Ice/Summoning                4
 x - a book of Dreams

   Spells                             Type                      Level
   a - Ensorcelled Hibernation        Hexes/Ice                    2
   b - Silence                        Hexes/Air                    5
   c - Darkness                       Hexes                        6
   d - Shadow Creatures               Summoning                    6
Miscellaneous
 h - a fan of gales
 H - a crystal ball of energy
 I - a fan of gales
 M - a box of beasts
Comestibles
 f - 19 bread rations
 n - 8 meat rations
 p - a beef jerky
 w - a slice of pizza


   Skills:
 * Level 13.0 Fighting
 - Level 10.5 Short Blades
 + Level 10.3(10.9) Axes
   Level 5.9(9.0) Maces & Flails
   Level 4.4 Crossbows
 - Level 7.6 Throwing
 * Level 15.8 Armour
 - Level 0.5 Dodging
 - Level 1.1 Stealth
 * Level 14.5 Shields
 - Level 5.6 Hexes
 - Level 5.0 Charms
 + Level 4.8 Summonings
 - Level 2.7 Ice Magic
 - Level 4.3 Air Magic
 - Level 3.9 Invocations


You had 4 spell levels left.
You knew the following spells:

 Your Spells              Type           Power        Failure   Level  Hunger
a - Swiftness             Chrm/Air       #.......     16%         2    ###....
b - Repel Missiles        Chrm/Air       #.....       16%         2    ###....
c - Ensorcelled Hibernat  Hex/Ice        #.....       21%         2    ###....
d - Shadow Creatures      Summ           N/A          100%        6    #######


Dungeon Overview and Level Annotations

Branches:
Dungeon (15/15)            Temple (1/1) D:7            Lair (6/6) D:9
  Swamp (1/4) Lair:4       Spider (2/4) Lair:3          Orc (2/2) D:11
    Elf (0/3) Orc:2        Vaults (0/5) D:14         Depths (0/5) D:15
  Slime: Lair:5-6

Altars:
Ashenzari
Cheibriados
Dithmenos
Elyvilon
Fedhas
Gozag
Hepliaklqana
Kikubaaqudgha
Makhleb
Nemelex Xobeh
Okawaru
Qazlal
Ru
Sif Muna
Trog
Uskayaw
Vehumet
Xom
Yredelemnul
Zin
Beogh

Shops:
D:5 (   D:9 (   D:15 *   Orc:2 *[%

Annotations:
Lair:5 exclusion: 2 oklob plants


Innate Abilities, Weirdness & Mutations

You are under a permanent stasis effect.
You can dig through walls and to a lower floor.
Your four strong arms can wield two-handed weapons with a shield.
You have a pair of large antennae on your head. (SInv)
You have large cloven feet.
You are partially covered in large bone plates. (SH +4)
You are weak. (Str -2)
You expend magic power (3 MP) to strengthen your wands.


Message History

You block the meliai's attack. x4
You dig through the rock wall.
You block the meliai's attack. The meliai barely misses you.
You dig through the rock wall.
You flicker for a moment.
You feel like a meek peon again. You block the meliai's attack. x2
You dig through the rock wall.
You block the meliai's attack. x2
You dig through the rock wall.
You block the meliai's attack. x2
The meliai barely misses you.
The meliai stings you but does no damage.
You dig through the rock wall.
You block the meliai's attack. x2
You retract your mandibles.
The tarantella hisses angrily.
You block the meliai's attack.
The meliai stings you but does no damage.
You flicker back into view.
The tarantella hisses angrily.
The meliai mumbles some strange prayers to its god against you.
Something smites you!
You die...

### ##{## ##{#s## #
##{###.## .#
##{#####y### .## .
##.##.#.#.#.##...# ..
#s#.....#yy......# ...
#s##....s.....##..
#.ยง## #.#...##.@.#...#
.##...##{..###...######
..s....ss.>#.##....#.###
..#.#s.####..###^.#...#
#{.#...#....###....#
#####{^####...#....# .##
#...#...#### ##
###....##..# { #..#....#


You could see a tarantella and 3 meliai.

Vanquished Creatures
  Rupert (Lair:5)
  A tengu reaver (D:15)
  An orc warlord (Orc:2)
  2 emperor scorpions
  A very ugly thing (D:15)
  The ghost of Lochraine the Apostle, a journeyman HOMo of Beogh (D:12)
  An entropy weaver (Spider:1)
  Azrael (D:13)
  The ghost of Amnesiac the Earth Mage, a journeyman DEEE of Sif Muna (Lair:5)
  A fire dragon (D:13)
  An ice dragon (D:15)
  A rakshasa (D:15)
  4 vault guards (D:14)
  Erolcha (D:13)
  10 hydras
  A centaur warrior (D:14)
  An ogre mage (D:14)
  A death knight (D:15)
  A tengu warrior (D:14)
  An alligator (Swamp:1)
  Urug (D:13)
  4 orc high priests (Orc:2)
  A glowing orange brain (D:15)
  7 skeletal warriors
  7 unseen horrors
  A sea snake (shapeshifter) (D:15)
  3 hill giants
  An orb spider (shapeshifter) (D:13)
  Pikel (D:5)
  2 necromancers
  7 orc knights
  9 wolf spider zombies
  7 orb spiders
  4 orc sorcerers (Orc:2)
  A lindwurm (Lair:5)
  13 ugly things
  9 wolf spiders
  6 cyclopes
  13 elephants
  A moth of wrath (shapeshifter) (D:15)
  2 centaur zombies
  3 black mambas
  A guardian serpent (shapeshifter) (D:15)
  12 spiny frogs
  A torpor snail (Spider:1)
  3 centaur skeletons
  A rime drake (Lair:5)
  3 kobold demonologists
  7 komodo dragons
  2 demonic crawlers (Spider:1)
  12 redback zombies (Spider:2)
  An efreet (D:14)
  8 trolls
  A tengu conjurer (D:14)
  2 tyrant leeches (Lair:4)
  17 jumping spiders
  8 polar bears
  2 two-headed ogres (Orc:2)
  3 slime creatures (D:15)
  9 tarantella zombies (Spider:2)
  10 blink frogs
  7 hippogriffs
  11 tarantellas
  A spriggan (shapeshifter) (D:15)
  2 wyverns
  31 redbacks
  4 fire elementals (D:13)
  3 yaks (Lair:5)
  2 basilisks
  3 water elementals
  14 spriggans (Lair:6)
  3 wraiths
  A basilisk (shapeshifter) (D:15)
  A hungry ghost (D:11)
  A steam dragon (D:15)
  4 vampire mosquitoes (D:15)
  3 insubstantial wisps (Swamp:1)
  A swamp worm (Swamp:1)
  4 mottled dragons
  Edmund (D:5)
  5 water moccasins
  9 wargs
  A soldier ant (D:11)
  13 porcupines
  A meliai simulacrum (D:15)
  3 hell hounds (D:13)
  A swamp drake (Swamp:1)
  6 sky beasts
  Purgy (D:3)
  61 orc warriors
  2 eyes of draining (D:4)
  6 wasps
  An ice beast (D:15)
  5 phantoms
  6 black bears
  30 wolves
  14 centaurs
  13 ogres
  4 necrophages
  6 boggarts
  12 crocodiles
  5 big kobolds
  Blork the orc (D:4)
  20 bullfrogs
  3 gnoll sergeants
  A wyvern zombie (D:14)
  3 scorpions
  6 killer bees (D:10)
  5 wights (D:15)
  2 electric eels (Lair:4)
  A howler monkey (D:12)
  8 crimson imps
  A quasit (D:10)
  A bullfrog zombie (D:7)
  4 jellies
  31 orc priests
  Crazy Yiuf (D:5)
  2 bullfrog skeletons
  7 hounds
  22 orc wizards
  Natasha (thrice) (D:2)
  Terence (D:3)
  13 iguanas
  10 worker ants
  A killer bee zombie (D:7)
  Robin (D:2)
  19 gnolls
  16 adders
  38 river rats
  5 shadow imps
  6 oozes
  2 adder skeletons
  A worm (D:2)
  5 dart slugs
  9 leopard geckos
  112 orcs
  3 giant cockroaches
  11 hobgoblins
  8 jackals
  6 quokkas
  4 ball pythons
  4 bats
  4 frilled lizards
  18 goblins
  A jackal skeleton (D:7)
  21 kobolds
  5 rats
  A fungus (Lair:6)
  A plant (Lair:5)
989 creatures vanquished.

Vanquished Creatures (others)
  An adder zombie (D:5)
  2 fungi
  36 plants
39 creatures vanquished.

Grand Total: 1028 creatures vanquished

Notes
Turn   | Place    | Note
-------+----------+-------------------------------------------
     0 | D:1      | holy777 the Formicid Fighter began the quest for the Orb.
     0 | D:1      | Reached XP level 1. HP: 18/18 MP: 1/1
    66 | D:1      | Reached XP level 2. HP: 19/24 MP: 2/2
   598 | D:1      | Reached skill level 4 in Armour
   748 | D:1      | Reached XP level 3. HP: 25/29 MP: 3/3
  1056 | D:2      | Reached XP level 4. HP: 30/35 MP: 4/4
  1141 | D:2      | Found a deep blue altar of Sif Muna.
  1180 | D:2      | Noticed Natasha
  1181 | D:2      | Noticed Robin
  1231 | D:2      | Killed Robin
  1593 | D:2      | Killed Natasha
  1593 | D:2      | Reached XP level 5. HP: 21/41 MP: 5/5
  1636 | D:2      | Noticed Natasha
  1797 | D:2      | Killed Natasha
  1992 | D:2      | Noticed Natasha
  2000 | D:2      | Killed Natasha
  2000 | D:2      | Reached skill level 5 in Armour
  2004 | D:2      | Found a basalt altar of Yredelemnul.
  2221 | D:3      | Noticed Terence
  2227 | D:3      | Killed Terence
  2227 | D:3      | Reached XP level 6. HP: 31/47 MP: 6/6
  2370 | D:3      | Reached skill level 5 in Shields
  2523 | D:3      | Noticed Purgy
  2546 | D:3      | Killed Purgy
  2546 | D:3      | Reached XP level 7. HP: 44/52 MP: 7/7
  3175 | D:4      | Found a glowing silver altar of Zin.
  3280 | D:4      | Reached skill level 1 in Throwing
  3306 | D:4      | Found a burning altar of Makhleb.
  3306 | D:4      | Noticed a green death
  3311 | D:4      | Noticed a hellwing
  3311 | D:4      | Noticed an orange demon
  3534 | D:4      | Found a bloodstained altar of Trog.
  3543 | D:4      | Reached skill level 6 in Armour
  3550 | D:4      | Reached skill level 5 in Axes
  3550 | D:4      | Reached XP level 8. HP: 60/60 MP: 0/8
  3687 | D:5      | Entered Level 5 of the Dungeon
  3687 | D:5      | Noticed Blork the orc
  3718 | D:4      | Killed Blork the orc
  4225 | D:5      | Noticed Pikel
  4248 | D:5      | Killed Pikel
  4248 | D:5      | Reached skill level 7 in Armour
  4278 | D:5      | Found Quskao Megi's Antique Weapon Emporium.
  4304 | D:5      | Bought a translucent mace for 144 gold pieces
  4304 | D:5      | Identified the +5 mace of Battle {antimagic, rC+ Int+2} (You bought it in a shop on level 5 of the Dungeon)
  4315 | D:5      | Noticed Edmund
  4328 | D:5      | Killed Edmund
  4328 | D:5      | Reached XP level 9. HP: 66/66 MP: 3/9
  4612 | D:5      | Reached skill level 1 in Maces & Flails
  4814 | D:5      | Found a runed door.
  4818 | D:5      | Noticed Crazy Yiuf
  4824 | D:5      | Killed Crazy Yiuf
  5106 | D:6      | Reached skill level 5 in Fighting
  5338 | D:6      | Got a bloodstained robe
  5407 | D:6      | Reached skill level 8 in Armour
  5590 | D:6      | Reached skill level 1 in Stealth
  5737 | D:7      | Found a staircase to the Ecumenical Temple.
  5815 | Temple   | Entered the Ecumenical Temple
  5877 | Temple   | Became a worshipper of Warmaster Okawaru
  6065 | D:7      | Reached XP level 10. HP: 68/74 MP: 3/10
  6090 | D:7      | Identified the +2 robe "Haull" {MR+ Str+9} (You found it on level 6 of the Dungeon)
  6123 | D:7      | Found a flagged portal.
  6144 | Bailey   | Entered a bailey
  6146 | Bailey   | Noticed an orc knight
  6162 | Bailey   | Noticed an orc knight
  6679 | Bailey   | Reached * piety under Okawaru
  6679 | Bailey   | Reached skill level 1 in Crossbows
  6681 | Bailey   | Killed an orc knight
  6699 | Bailey   | Killed an orc knight
  6699 | Bailey   | Reached ** piety under Okawaru
  6699 | Bailey   | Reached skill level 9 in Armour
  6865 | D:7      | Reached skill level 5 in Maces & Flails
  7619 | D:9      | Found Bairhe's Antique Weapon Shoppe.
  7849 | D:9      | Bought a dazzling rapier for 234 gold pieces
  7849 | D:9      | Identified the +7 rapier "X" {pierce, rPois Str+2} (You bought it in a shop on level 9 of the Dungeon)
  7970 | D:9      | Reached skill level 1 in Short Blades
  7976 | D:9      | Reached XP level 11. HP: 79/80 MP: 3/11
  8044 | D:9      | Reached *** piety under Okawaru
  8250 | D:9      | Found a staircase to the Lair.
  8590 | D:10     | Entered Level 10 of the Dungeon
  8590 | D:10     | Noticed an unseen horror
  8602 | D:10     | Killed an unseen horror
  8710 | D:10     | Gained mutation: You are partially covered in large bone plates. (SH +4) [potion of mutation]
  8710 | D:10     | Gained mutation: You expend magic power (3 MP) to strengthen your wands. [potion of mutation]
  8710 | D:10     | Gained mutation: You have large cloven feet. [potion of mutation]
  9046 | D:10     | Reached **** piety under Okawaru
  9058 | D:10     | Received a gift from Okawaru
  9064 | D:10     | Reached skill level 10 in Armour
  9530 | D:11     | Found a staircase to the Orcish Mines.
  9705 | D:11     | Reached skill level 5 in Short Blades
  9729 | D:11     | Noticed a hill giant
  9735 | D:11     | Killed a hill giant
  9957 | D:11     | Noticed a hill giant
  9975 | D:11     | Killed a hill giant
  9975 | D:11     | Reached ***** piety under Okawaru
 10054 | D:11     | You fall through a shaft for 2 floors!
 10216 | D:13     | Noticed Azrael
 10233 | D:13     | Reached XP level 12. HP: 59/89 MP: 9/12
 10249 | D:13     | Killed Azrael
 10249 | D:13     | Reached skill level 10 in Shields
 10462 | D:13     | Noticed Urug
 10469 | D:13     | Received a gift from Okawaru
 10482 | D:13     | Killed Urug
 10482 | D:13     | Reached skill level 11 in Armour
 10482 | D:13     | Reached skill level 1 in Invocations
 10665 | D:13     | Received a gift from Okawaru
 10668 | D:13     | Got a dazzling chain mail {god gift}
 10679 | D:13     | Identified the +4 chain mail of the Greedy {rF+} (Okawaru gifted it to you on level 13 of the Dungeon)
 10698 | D:13     | Noticed a fire dragon
 10719 | D:13     | Killed a fire dragon
 11004 | D:12     | Noticed Lochraine's ghost (journeyman HOMo)
 11455 | D:13     | Noticed an unseen horror
 11470 | D:13     | Killed an unseen horror
 11694 | D:13     | You fall through a shaft!
 11701 | D:14     | Reached skill level 5 in Throwing
 11805 | D:14     | Noticed a skeletal warrior
 11805 | D:14     | Noticed a skeletal warrior
 11832 | D:14     | Killed a skeletal warrior
 11832 | D:14     | Reached XP level 13. HP: 43/98 MP: 12/14
 12519 | D:14     | Upgraded the game from 0.19-a0-1686-g35356ef to 0.19-a0-1697-g0595f0e
 12533 | D:14     | Noticed a centaur warrior
 12549 | D:14     | Killed a centaur warrior
 12591 | D:13     | Noticed Erolcha
 12600 | D:13     | Killed Erolcha
 12600 | D:13     | Received a gift from Okawaru
 12600 | D:13     | Reached skill level 12 in Armour
 12603 | D:13     | Got a heavily runed scale mail {god gift}
 12616 | D:13     | Identified the +4 scale mail of Resonance {+Inv rC+} (Okawaru gifted it to you on level 13 of the Dungeon)
 13076 | D:11     | Found a roughly hewn altar of Beogh.
 13277 | Lair:1   | Entered Level 1 of the Lair of Beasts
 13772 | Lair:1   | Learned a level 2 spell: Swiftness
 13905 | Lair:1   | Reached skill level 1 in Charms
 14659 | Lair:2   | Reached skill level 1 in Air Magic
 14761 | Lair:2   | Noticed an eight-headed hydra
 14771 | Lair:2   | Killed an eight-headed hydra
 14886 | Lair:2   | Got a dazzling battleaxe
 14894 | Lair:2   | Identified the cursed +1 battleaxe of Okawaru's Castigation {drain, +Rage rC+++ MR- Dex-5} (You found it on level 2 of the Lair of Beasts)
 15338 | Lair:3   | Reached skill level 10 in Short Blades
 15382 | Lair:3   | Found a shattered altar of Ashenzari.
 15492 | Lair:3   | Noticed a six-headed hydra
 15499 | Lair:3   | Killed a six-headed hydra
 15499 | Lair:3   | Reached XP level 14. HP: 106/106 MP: 16/16
 15674 | Lair:3   | Found a hole to the Spider Nest.
 16249 | Lair:4   | Found a staircase to the Swamp.
 16329 | Lair:4   | Identified a scroll of acquirement
 16332 | Lair:4   | Got a clouded golden ring
 16333 | Lair:4   | Identified the ring "Toosymonn" {Wiz Slay+2} (You acquired it on level 4 of the Lair of Beasts)
 17184 | Lair:5   | Received a gift from Okawaru
 17187 | Lair:5   | Got an encrusted broad axe {god gift}
 17188 | Lair:5   | Identified the +8 broad axe "Jiurro" {chop, -Tele rN+ Str+5} (Okawaru gifted it to you on level 5 of the Lair of Beasts)
 17252 | Lair:5   | Noticed Rupert
 17266 | Lair:5   | Killed Rupert
 17266 | Lair:5   | Reached ****** piety under Okawaru
 17266 | Lair:5   | Reached skill level 13 in Armour
 17475 | Lair:5   | Noticed Amnesiac's ghost (journeyman DEEE)
 17483 | Lair:5   | Killed Amnesiac's ghost
 17504 | Lair:5   | Learned a level 2 spell: Repel Missiles
 17901 | Lair:5   | Received a gift from Okawaru
 18278 | Lair:6   | Entered Level 6 of the Lair of Beasts
 18382 | Lair:6   | Received a gift from Okawaru
 18528 | Lair:6   | Received a gift from Okawaru
 18750 | Lair:6   | Reached XP level 15. HP: 103/113 MP: 17/17
 19015 | Lair:6   | Learned a level 2 spell: Ensorcelled Hibernation
 19249 | Lair:6   | Reached skill level 1 in Hexes
 19262 | Lair:6   | Reached skill level 1 in Ice Magic
 20030 | D:5      | Bought an ichor-stained trident for 153 gold pieces
 20033 | D:5      | Identified the +5 trident of Qovviy Fueq {speed, rPois rN+} (You bought it in a shop on level 5 of the Dungeon)
 20189 | Orc:1    | Entered Level 1 of the Orcish Mines
 20523 | Orc:2    | Entered Level 2 of the Orcish Mines
 21009 | Orc:2    | Noticed an orc warlord
 21027 | Orc:2    | Killed an orc warlord
 21058 | Orc:2    | Found a roughly hewn altar of Beogh.
 21106 | Orc:2    | Found Ottuor Cael's Food Emporium.
 21205 | Orc:2    | Found Odghut's Food Shoppe.
 21216 | Orc:2    | Received a gift from Okawaru
 21266 | Orc:2    | Gained mutation: You are weak. (Str -2) [a neqoxec]
 21460 | Orc:2    | Reached skill level 10 in Fighting
 21527 | Orc:2    | Found Plog's General Store.
 21541 | Orc:2    | Found Jobb's Antique Armour Shoppe.
 21595 | Orc:2    | Found a roughly hewn altar of Beogh.
 21725 | Orc:2    | Bought a potion of curing for 33 gold pieces
 21725 | Orc:2    | Bought a scroll of summoning for 104 gold pieces
 21725 | Orc:2    | Bought a scroll of identify for 22 gold pieces
 21735 | Orc:2    | Bought a pair of embroidered gloves for 108 gold pieces
 21978 | Orc:2    | Found a staircase to the Elven Halls.
 22038 | Orc:2    | Reached skill level 5 in Charms
 23090 | D:12     | Learned a level 6 spell: Shadow Creatures
 23369 | D:12     | Killed Lochraine's ghost
 23369 | D:12     | Reached skill level 1 in Summonings
 23871 | D:14     | Received a gift from Okawaru
 23879 | D:14     | Got a heavily runed cloak {god gift}
 23880 | D:14     | Identified the +2 cloak of Precision Catastrophes {+Inv rF+ Int+4} (Okawaru gifted it to you on level 14 of the Dungeon)
 23900 | D:14     | Reached XP level 16. HP: 112/123 MP: 18/18
 23907 | D:14     | Reached skill level 14 in Armour
 24060 | D:14     | Found a white marble altar of Elyvilon.
 24343 | D:14     | Found a gate to the Vaults.
 24705 | D:15     | Entered Level 15 of the Dungeon
 24787 | D:15     | Reached skill level 5 in Hexes
 24867 | D:15     | Noticed a tengu reaver
 24901 | D:15     | Killed a tengu reaver
 24948 | D:15     | Got an encrusted chain mail
 24949 | D:15     | Identified the +2 chain mail of Yxiod {*Corrode Slay+5} (You found it on level 15 of the Dungeon)
 25202 | D:15     | Found a staircase to the Depths.
 25277 | D:15     | Received a gift from Okawaru
 25463 | D:15     | Found Adiub's General Store.
 26067 | Swamp:1  | Entered Level 1 of the Swamp
 26069 | Swamp:1  | Received a gift from Okawaru
 26087 | Swamp:1  | Got a pair of ichor-stained boots {god gift}
 26098 | Swamp:1  | Identified the +0 pair of boots "Muoniogo" {rF++ rC++ Str-3} (Okawaru gifted it to you on level 1 of the Swamp)
 26653 | Lair:4   | Upgraded the game from 0.19-a0-1697-g0595f0e to 0.19-a0-1714-gcab94ab
 26999 | Spider:1 | Entered Level 1 of the Spider Nest
 27033 | Spider:1 | Reached skill level 15 in Armour
 27360 | Orc:2    | Bought a meat ration for 65 gold pieces
 27360 | Orc:2    | Bought a bread ration for 65 gold pieces
 27360 | Orc:2    | Bought a bread ration for 65 gold pieces
 27360 | Orc:2    | Bought a bread ration for 65 gold pieces
 27360 | Orc:2    | Bought a bread ration for 65 gold pieces
 27360 | Orc:2    | Bought a slice of pizza for 19 gold pieces
 27360 | Orc:2    | Bought a royal jelly for 26 gold pieces
 27360 | Orc:2    | Bought a meat ration for 65 gold pieces
 27360 | Orc:2    | Bought a bread ration for 65 gold pieces
 27360 | Orc:2    | Bought a beef jerky for 19 gold pieces
 27559 | D:15     | Bought a scroll of magic mapping for 49 gold pieces
 27559 | D:15     | Bought a scroll of identify for 28 gold pieces
 27559 | D:15     | Bought a scroll of identify for 28 gold pieces
 27763 | Spider:1 | Reached XP level 17. HP: 125/133 MP: 19/19
 28412 | Spider:2 | Reached skill level 10 in Axes
 28760 | Spider:2 | Received a gift from Okawaru
 29173 | Spider:2 | HP: 5/136 [meliai/divine providence (15)]
 29182 | Spider:2 | Killed from afar by a meliai

Vault maps used:
D:1:      dpeg_arrival_prison, patterned_corridor
D:2:      lemuel_doored_altar, nicolae_overflow_crystal_walls, uniq_natasha,
          uniq_robin
D:3:      first_bread, uniq_terence, uniq_purgy
D:4:      makhleb_altar_promises_db, trog_eyes_of_draining, zin_academy,
          minmay_item_behind_shaft
D:5:      serial_shops, nicolae_shop_waterfront, uniq_edmund,
          uniq_crazy_yiuf_cottage, uniq_pikel, uniq_blork_the_orc
D:7:      enter_bailey_3
D:8:      hangedman_little_slice_of_home
D:9:      erik_lair_dragon, serial_shops, nicolae_shop_statue_plus
D:11:     minmay_orc_entry_temple_small
D:12:     fountainhead
D:13:     lab_entry_generic, minmay_librarian, uniq_erolcha, uniq_urug,
          uniq_azrael
D:14:     lightli_vaults_fourway_checkpoint, elyvilon_altar_3,
          serial_bayou_lagoon_a
D:15:     gammafunk_enter_depths_forms, serial_shops,
          nicolae_shop_temple_entry_statues_fountains, hangedman_corner_corridor
Temple:   eino_temple_scatter_basement
Lair:1:   beast_lair_carwin_10, grunt_megastairs_3, infiniplex_staircase_pool_2
Lair:3:   spider_nest_entry_a, basic_altar
Lair:4:   minmay_swamp_entry_worms, serial_bayou_shore_a
Lair:5:   minmay_slime_entry_oklob_enclosed, kilobyte_rumbling_trees,
          grunt_megastairs_5, uniq_rupert
Lair:6:   minmay_lair_end_enchanted_forest
Swamp:1:  evilmike_swamp_ruin_house_5, swamp_pool4
Spider:1: hangedman_spider_mandibles, spider_trap
Spider:2: lemuel_spider_zombies
Orc:2:    pubby_orc_utopia
Bailey:   bailey_polearm_4, bailey

Skill      XL: |  1  2  3  4  5  6  7  8  9 10 11 12 13 14 15 16 17 |
---------------+----------------------------------------------------+-----
Armour         | 4 5 6 7 8 9 10 11 12 13 15 | 15.8
Shields        | 4 5 6 7 8 9 10 11 12 13 14 | 14.5
Axes           | 3 4 5 6 7 8 9 10 | 10.3
Throwing       | 1 2 3 4 5 6 7 |  7.6
Fighting       | 4 5 6 8 9 10 11 13 | 13.0
Maces & Flails | 4 5 |  5.9
Stealth        | 1 |  1.1
Crossbows      | 4 |  4.4
Short Blades   | 1 6 8 10 | 10.5
Invocations    | 2 3 |  3.9
Charms         | 2 4 5 |  5.0
Air Magic      | 2 4 |  4.3
Hexes          | 4 5 |  5.6
Ice Magic      | 2 |  2.7
Summonings     | 1 3 4 |  4.8
Dodging        | |  0.5

Action                   |  1- 3 |  4- 6 |  7- 9 | 10-12 | 13-15 | 16-18 || total
-------------------------+-------+-------+-------+-------+-------+-------++-------
Melee: War axe           |   100 |   151 |   122 |       |       |       ||   373
       Mace              |       |       |   185 |   202 |       |       ||   387
       Rapier            |       |       |       |   408 |   427 |       ||   835
       Broad axe         |       |       |       |       |   575 |   480 ||  1055
 Fire: Arbalest          |       |       |       |    51 |       |       ||    51
       Blowgun           |       |       |       |    21 |       |       ||    21
Throw: Javelin           |     2 |     9 |    29 |    36 |   179 |     4 ||   259
       Tomahawk          |       |       |       |    37 |   179 |   224 ||   440
 Cast: Swiftness         |       |       |       |       |     1 |     1 ||     2
       Repel Missiles    |       |       |       |       |       |     1 ||     1
Invok: Heroism           |       |       |       |     9 |    28 |    11 ||    48
       Finesse           |       |       |       |     3 |    10 |     1 ||    14
 Abil: Dig               |     7 |    14 |     8 |    18 |    14 |     4 ||    65
       Shaft Self        |       |       |       |     1 |       |       ||     1
Evoke: Wand              |       |     1 |       |     5 |     2 |     9 ||    17
       Box of beasts     |       |       |       |       |     1 |       ||     1
  Use: Scroll            |     5 |     4 |     3 |    15 |    22 |    10 ||    59
       Potion            |       |     4 |       |    12 |     5 |    11 ||    32
 Stab: Distracted        |       |       |       |       |       |     2 ||     2
  Eat: Bread ration      |     1 |       |     1 |       |       |     2 ||     4
       Beef jerky        |       |     1 |       |       |     2 |       ||     3
       Chunk             |       |     2 |     3 |     4 |    17 |     1 ||    27
       Fruit             |       |       |     6 |    10 |       |     2 ||    18
       Meat ration       |       |       |       |     1 |       |     1 ||     2
       Pizza             |       |       |       |     1 |       |       ||     1
       Royal jelly       |       |       |       |     3 |    11 |     1 ||    15
Armor: Scale mail        |    28 |    59 |    37 |       |       |       ||   124
       Chain mail        |       |       |   101 |   115 |   278 |   171 ||   665
       Plate armour      |       |       |       |   134 |       |       ||   134
Dodge: Dodged            |    31 |    45 |   100 |   145 |   160 |    93 ||   574
       Deflected         |       |       |       |       |       |     1 ||     1
Block: Shield            |    53 |    98 |   192 |   441 |   428 |       ||  1212
       Large shield      |       |       |       |       |   405 |   519 ||   924
